 Dungeon Crawl Stone Soup version 0.22-a0-142-g91cc6d7 (webtiles) character file.

394 KristoblXynda the Slasher (level 6, -5/55 HPs)
             Began as a Draconian Monk on Feb 5, 2018.
             Slain by Blork the orc
             ... wielding a +0 battleaxe
              (11 damage)
             ... on level 4 of the Dungeon.
             The game lasted 00:06:14 (4186 turns).

KristoblXynda the Slasher (Draconian Monk)          Turns: 4186, Time: 00:06:14

Health: -5/55      AC:  6    Str: 19    XL:     6   Next: 51%
Magic:  6/6        EV: 14    Int: 12    God:
Gold:   105        SH:  0    Dex: 13    Spells: 5/5 levels left

rFire    . . .     SeeInvis .   a - +1 falchion
rCold    . . .     Gourm    .   (no shield)
rNeg     . . .     Faith    .   (armour unavailable)
rPois    .         Spirit   .   (helmet restricted)
rElec    .         Reflect  .   (no cloak)
rCorr    .         Harm     .   (no gloves)
MR       .....                  (no boots)
Stlth    ++........             (no amulet)
HPRegen  0.18/turn              (no ring)
MPRegen  0.10/turn              (no ring)

@: mighty
A: unfitting armour, cold-blooded, AC +6
a: no special abilities


You were on level 4 of the Dungeon.
You were not hungry.

You visited 1 branch of the dungeon, and saw 4 of its levels.

You collected 105 gold pieces.

Inventory:

Hand Weapons
 a - a +1 falchion (weapon)
Scrolls
 e - a scroll of identify {unknown}
 g - a scroll of teleportation
 h - 4 scrolls of enchant weapon
 j - a scroll of fog
 m - a scroll of immolation
Comestibles
 b - 7 rations
 n - a chunk of flesh


   Skills:
 + Level 4.9 Fighting
 * Level 5.7 Long Blades
 + Level 4.0 Dodging
 - Level 1.7 Stealth


You had 5 spell levels left.
You didn't know any spells.

Dungeon Overview and Level Annotations

Branches:
Dungeon (4/15)
 Temple: D:4-7

Altars:
Zin

Annotations:
D:4 Blork the orc


Innate Abilities, Weirdness & Mutations

Your plain brown scales are hard. (AC +6)
You cannot fit into any form of body armour.
You are cold-blooded and may be slowed by cold attacks.


Message History

The ogre completely misses you.
You completely miss the ogre.
The ogre is almost dead.
The ogre hits you with a giant club!
* * * LOW HITPOINT WARNING * * *
You hit the ogre.
You kill the ogre!
Your Dodging skill increases to level 4!
Something barely misses you.
It was a potion of cancellation.
Your magical effects are unravelling.
You feel magically purged.
Your magical contamination has completely faded away.
You feel a little less agile now. Something hits you.
* * * LOW HITPOINT WARNING * * *
It was a potion of might.
You feel very mighty all of a sudden. Something hits you!
You die...

######## #......#
..########.....
.?......##..#
.........{..+
...###.##@.#
#)##......#
#.##......# .#
#.#########
...###.## ..
#......### .#
.###......# .#
....).....###.#####?
....................


There were no monsters in sight!

Vanquished Creatures
  An ogre (D:4)
  The ghost of Alarkh the Insei, an amateur OpTm (D:3)
  An orc wizard (D:3)
  Robin (D:3)
  3 gnolls (D:3)
  6 adders
  4 worms
  2 dart slugs (D:1)
  3 leopard geckos
  3 orcs (D:3)
  3 bats
  7 giant cockroaches
  9 hobgoblins
  10 jackals
  9 kobolds
  A quokka (D:2)
  5 frilled lizards
  13 goblins
  8 rats
90 creatures vanquished.

Notes
Turn   | Place    | Note
-------+----------+-------------------------------------------
     0 | D:1      | KristoblXynda the Draconian Monk began the quest for the Orb.
     0 | D:1      | Reached XP level 1. HP: 19/19 MP: 1/1
    83 | D:1      | Reached XP level 2. HP: 12/26 MP: 2/2
   561 | D:1      | Reached XP level 3. HP: 16/33 MP: 3/3
  1297 | D:2      | Reached skill level 4 in Long Blades
  1332 | D:2      | Reached XP level 4. HP: 27/40 MP: 4/4
  1355 | D:2      | Found a glowing silver altar of Zin.
  1897 | D:2      | Found a faded altar of an unknown god.
  2068 | D:3      | Noticed Robin
  2341 | D:3      | Killed Robin
  2413 | D:3      | Reached XP level 5. HP: 13/46 MP: 5/5
  3059 | D:3      | Reached skill level 5 in Long Blades
  3552 | D:3      | Noticed Alarkh's ghost (amateur OpTm)
  3636 | D:3      | Killed Alarkh's ghost
  3636 | D:3      | Reached XP level 6. HP: 16/53 MP: 6/6
  4156 | D:4      | Noticed Blork the orc
  4186 | D:4      | Slain by Blork the orc

Vault maps used:
D:1:      onia_arrival_mini_spirals
D:2:      lemuel_doored_altar, chequers_ecumenical_altar_lobes, first_ration
D:3:      uniq_robin
D:4:      demons_altar, portal_sewer_entry_a, serial_shops,
          kennysheep_mini_moat, nicolae_shop_stone, uniq_menkaure,
          uniq_blork_the_orc

Skill      XL: |  1  2  3  4  5  6 |
---------------+-------------------+-----
Dodging        | 3 4 |  4.0
Long Blades    | 4 5 |  5.7
Fighting       | 4 |  4.9
Stealth        | |  1.7

Action                   |  1- 3 |  4- 6 || total
-------------------------+-------+-------++-------
Melee: Falchion          |   114 |   206 ||   320
       Tailslap          |    14 |    36 ||    50
  Use: Potion            |       |     6 ||     6
       Scroll            |       |     6 ||     6
 Stab: Sleeping          |     3 |     4 ||     7
       Distracted        |       |     1 ||     1
  Eat: Chunk             |     2 |     7 ||     9
       Ration            |       |     1 ||     1
Armor: Skin              |    39 |    51 ||    90
Dodge: Dodged            |    89 |   122 ||   211
       Rpst.: Falchion   |    31 |    31 ||    62

Table legend:
 A = Spawn XP
 B = Non-spawn XP
 C = Spawn XP percentage of total XP
 D = Spawn monster count
 E = Non-spawn monster count
 F = Spawn count percentage of total count
 G = Total turns spent on level
                    A         B        C        D         E        F      G
               +---------+---------+-------+---------+---------+-------+---------
         Total |       0 |     563 |   0.0 |       0 |      90 |   0.0 |  4186
               +---------+---------+-------+---------+---------+-------+---------
           D:1 |       0 |      63 |   0.0 |       0 |      33 |   0.0 |  1257
           D:2 |       0 |      91 |   0.0 |       0 |      24 |   0.0 |   944
           D:3 |       0 |     291 |   0.0 |       0 |      32 |   0.0 |  1955
           D:4 |       0 |     118 |   0.0 |       0 |       1 |   0.0 |    30
               +---------+---------+-------+---------+---------+-------+---------
